 Dungeon Crawl Stone Soup version 0.31.0-11-ge490571c62 (webtiles) character file.

Game seed: 1918258245112236333

18 qw the Shooter (level 2, 0/16 HPs)
             Began as a Deep Elf Hunter on Feb 3, 2024.
             Succumbed to their own poison gas
             ... on level 1 of the Dungeon.
             The game lasted 00:00:01 (310 turns).

qw the Shooter (Deep Elf Hunter)                     Turns: 310, Time: 00:00:01

Health: 0/16       AC:  3    Str:  8    XL:     2   Next: 48%
Magic:  4/4        EV: 12    Int: 13    God:
Gold:   25         SH:  0    Dex: 18    Spells: 1/1 levels left

rFire   . . .        a - +0 shortbow
rCold   . . .        (shield currently unavailable)
rNeg    . . .        c - +0 leather armour
rPois   .            (no helmet)
rElec   .            (no cloak)
rCorr   .            (no gloves)
SInv    .            (no boots)
Will    .....        (no amulet)
Stlth   ++           (no ring)
HPRegen 0.22/turn    (no ring)
MPRegen 0.09/turn

%: no passive effects
@: lethally poisoned (0 -> -11)
A: no striking features
a: no special abilities


You were on level 1 of the Dungeon.
You visited 1 branch of the dungeon, and saw 1 of its levels.

You collected 25 gold pieces.


   Skills:
 - Level 1.5 Fighting
 + Level 6.3 Ranged Weapons
 - Level 2.4 Dodging
 - Level 1.2 Stealth


You had one spell level left.
You didn't know any spells.
Your spell library was empty.

Inventory:

Hand Weapons
 a - a +0 shortbow (weapon)
Armour
 c - a +0 leather armour (worn)
Potions
 e - a potion of mutation {unknown}
 f - a potion of curing {unknown}
 g - a potion of enlightenment {unknown}

Dungeon Overview and Level Annotations

Branches:
Dungeon (1/15)

Altars:


Message History

You kill the kobold!
You shoot an arrow.
The arrow hits the rat but does no damage.
You shoot an arrow. The arrow barely misses the rat.
The arrow hits the rat!
You kill the rat!
You shoot an arrow. The arrow barely misses the rat.
You shoot an arrow.
The arrow hits the rat but does no damage.
The rat bites you but does no damage.
You shoot an arrow. The arrow closely misses the rat.
The rat bites you but does no damage.
You shoot an arrow. The arrow hits the rat!
You kill the rat!
Found a mace.
You now have 25 gold pieces (gained 5).
A frilled lizard and a goblin come into view.
There are monsters nearby!
306 ||| READING scroll labelled SUXOHO DEHALO.
The air fills with toxic fumes!
As you read the scroll labelled SUXOHO DEHALO, it crumbles to dust.
It was a scroll of poison.
There are monsters nearby!
307 ||| DROPPING scroll of butterflies.
You drop a scroll of butterflies.
The frilled lizard hisses angrily.
The goblin shouts!
There are monsters nearby!
There are monsters nearby!
Enter note:
Enter note:
Enter note:
Enter note:
Enter note:
Enter note: You are engulfed in poison gas.
You are lethally poisoned!
You feel very sick.
309 ||| Stepping ~*~*~tactically~*~*~ (cloud).
You feel very sick.
You see here a scroll of butterflies.
There is a lethal amount of poison in your body!
You die...

##
######..........##.##.##.
##..¤##..#......##.#..#..
##..¤¤##........##.#.##..
##gl#¤¤##.......##.......
.#..##¤¤##......#..#.....
...###¤¤##........##.#...
...###¤¤#........###.#...
##¤¤#.......)###.....
##¤¤@¤¤¤#.#..)##.#...
##¤¤¤¤¤¤¤¤......#...
###¤#¤¤#¤##...#.#...
###..¤¤¤¤#......%.####
.....¤¤.¤¤¤...........
#....¤¤¤.¤¤¤..........
#....¤¤¤.¤¤¤..........
#.............[.......
......................


You could see a goblin and a frilled lizard.

Vanquished Creatures
  A ball python (D:1)
  2 goblins (D:1)
  A hobgoblin (D:1)
  4 jackals (D:1)
  A quokka (D:1)
  3 kobolds (D:1)
  5 rats (D:1)
17 creatures vanquished.

Notes
Turn   | Place    | Note
-------+----------+-------------------------------------------
     0 | D:1      | qw the Deep Elf Hunter began the quest for the Orb.
     0 | D:1      | Reached XP level 1. HP: 12/12 MP: 3/3
     0 | D:1      | 0 ||| qw: Version: 0.3-a-157-g843a77d
     0 | D:1      | 0 ||| qw: Game counter: 3573
     0 | D:1      | 0 ||| qw: Melee chars always use a shield: true
     0 | D:1      | 0 ||| qw: God list: Okawaru
     0 | D:1      | 0 ||| qw: Allow faded altars: false
     0 | D:1      | 0 ||| qw: Do Orc after clearing Dungeon:15 true
     0 | D:1      | 0 ||| qw: Do second Lair branch before Depths: true
     0 | D:1      | 0 ||| qw: Lair rune preference: random
     0 | D:1      | 0 ||| qw: Goals: Normal
     0 | D:1      | 0 ||| PLANNING D:1-11
   108 | D:1      | Reached XP level 2. HP: 16/16 MP: 4/4
   120 | D:1      | Reached skill level 6 in Ranged Weapons
   306 | D:1      | 306 ||| READING scroll labelled SUXOHO DEHALO.
   307 | D:1      | 307 ||| DROPPING scroll of butterflies.
   309 | D:1      | 309 ||| Stepping ~*~*~tactically~*~*~ (cloud).
   309 | D:1      | HP: 2/16 [poisoned by you (poison gas)]
   310 | D:1      | Succumbed to their own poison gas

Levels and vault maps discovered:
D:1:      dpeg_arrival_chambers_temple_mockup, layout_rooms, serial_shops, shop,
          hangedman_glass_teeth

Skill      XL: |  1  2 |
---------------+-------+-----
Ranged Weapons | 6 |  6.3
Fighting       | |  1.5
Dodging        | |  2.4
Stealth        | |  1.2

Action                     || total
---------------------------++-------
   Fire: Shortbow          ||    41
    Use: Scroll            ||     1
 Armour: Leather armour    ||     3
  Dodge: Dodged            ||     2

Table legend:
 A = Non-vault XP
 B = Vault XP
 C = Vault XP percentage of total XP
 D = Non-vault monster count
 E = Vault monster count
 F = Vault count percentage of total count
                 A         B        C        D         E       F
            +---------+---------+-------+---------+---------+-------
      Total |      26 |       0 |   0.0 |      17 |       0 |   0.0
            +---------+---------+-------+---------+---------+-------
        D:1 |      26 |       0 |   0.0 |      17 |       0 |   0.0
            +---------+---------+-------+---------+---------+-------
